 Dungeon Crawl Stone Soup version 0.31-a0-978-g1e143483b6 (webtiles) character file.

Game seed: 3750692958195715484

158 Hubris850 the Shooter (level 5, -2/30 HPs)
             Began as a Kobold Hunter on Oct 30, 2023.
             Slain by a gnoll
             ... wielding a +0 flail
              (9 damage)
             ... on level 3 of the Dungeon.
             The game lasted 00:05:03 (2197 turns).

Hubris850 the Shooter (Kobold Hunter)               Turns: 2197, Time: 00:05:03

Health: -2/30      AC:  4    Str:  8    XL:     5   Next: 66%
Magic:  5/5        EV: 15    Int: 10    God:
Gold:   16         SH:  0    Dex: 21    Spells: 4/4 levels left

rFire   . . .        a - +2 sling (drain)
rCold   . . .        (no shield)
rNeg    . . .        c - +0 leather armour
rPois   .            (no helmet)
rElec   .            (no cloak)
rCorr   .            p - +0 pair of gloves
SInv    .            (no boots)
Will    .....        (no amulet)
Stlth   +++          (no ring)
HPRegen 0.25/turn    (no ring)
MPRegen 0.09/turn

%: no passive effects
@: no status effects
A: small, no large weapons, nightstalker 3
a: no special abilities


You were on level 3 of the Dungeon.
You visited 1 branch of the dungeon, and saw 3 of its levels.

You collected 92 gold pieces.
You spent 76 gold pieces at shops.

Inventory:

Hand Weapons
 a - a +2 sling of draining (weapon)
 b - a +2 dagger of venom
 n - a +0 shortbow
 r - a +0 sling of electrocution
Missiles
 m - 3 curare-tipped darts
Armour
 c - a +0 leather armour (worn)
 p - a +0 pair of gloves (worn)
Talismans
 u - a flux talisman
Wands
 s - a wand of mindburst (12)
Scrolls
 d - a scroll of poison {unknown}
 f - a scroll of teleportation {unknown}
 g - 2 scrolls of identify {unknown}
 j - a scroll of butterflies
 k - a scroll of vulnerability {unknown}
 t - a scroll of acquirement {unknown}
Potions
 e - 2 potions of haste {unknown}
 h - a potion of curing {unknown}
 i - a potion of brilliance {unknown}
 l - a potion of degeneration {unknown}
 o - 2 potions of mutation {unknown}
 q - a potion of lignification {unknown}


   Skills:
 - Level 2.1 Fighting
 + Level 7.7 Ranged Weapons
 - Level 3.5 Dodging
 - Level 3.0 Stealth


You had 4 spell levels left.
You didn't know any spells.
Your spell library contained the following spells:

 Spells                   Type           Power      Damage    Failure   Level
 Slow                     Hex            0%         N/A       50%         1
 Sting                    Tmut/Pois      0%         1d3       50%         1
 Summon Small Mammal      Summ           0%         N/A       50%         1
 Blink                    Tloc           0%         N/A       63%         2
 Lesser Beckoning         Tloc           0%         N/A       63%         2
 Momentum Strike          Conj/Tloc      0%         3d8       63%         2
 Poisonous Vapours        Pois/Air       0%         N/A       63%         2
 Call Canine Familiar     Summ           0%         N/A       86%         3
 Confusing Touch          Hex            0%         N/A       86%         3
 Sigil of Binding         Hex            0%         N/A       86%         3
 Summon Guardian Golem    Hex/Summ       0%         N/A       86%         3
 Vampiric Draining        Necr           0%         2d6       86%         3
 Cause Fear               Hex            0%         N/A       99%         4
 Olgreb's Toxic Radiance  Pois           0%         N/A       99%         4
 Fireball                 Conj/Fire      0%         3d3       100%        5
 Dragon's Call            Summ           0%         N/A       100%        9


Dungeon Overview and Level Annotations

Branches:
Dungeon (3/15)

Altars:
Qazlal

Shops:
D:1 *


Innate Abilities, Weirdness & Mutations

You are small and have problems with some larger weapons.
You are completely attuned to the shadows.


Message History

You sense an unholy aura.
a - a +2 sling of draining (weapon)
You see here a sky beast corpse.
You now have 16 gold pieces (gained 4).
Found a stone staircase leading down.
There is a stone staircase leading down here.
Found a flux talisman.
You see here a flux talisman.
u - a flux talisman
There is a stormy altar of Qazlal here. 2 gnolls come into view.
The gnoll shouts!
You hear a shout! x2
A gnoll comes into view. It is wielding a +0 club.
You shoot a sling bullet.
The sling bullet barely misses the gnoll.
The sling bullet hits the gnoll.
The gnoll is heavily wounded.
You shoot a sling bullet.
The sling bullet barely misses the gnoll. x2
You shoot a sling bullet.
The sling bullet barely misses the gnoll.
The sling bullet hits the gnoll but does no damage.
The gnoll is heavily wounded.
The gnoll hits you with a +0 flail!
You shoot a sling bullet. The sling bullet hits the gnoll.
The gnoll is moderately wounded.
The gnoll closely misses you.
You shoot a sling bullet.
The sling bullet closely misses the gnoll. x2
The gnoll hits you with a +0 flail. The gnoll hits you with a +0 flail!
* * * LOW HITPOINT WARNING * * *
You are too injured to fight recklessly!
Fire: a) +2 sling (drain)
Press: ? - help, Q - select action, (/) - cycle Shift-Dir - straight line, f/p - gnoll
Aim: a gnoll, wielding a +0 flail (moderately wounded, 69% to hit)
You shoot a sling bullet.
The sling bullet closely misses the gnoll.
The sling bullet barely misses the gnoll.
The gnoll hits you with a +0 flail!
You die...

####.#### #......#
......... ...)...#
####.#### .....#
#.# .....# #..
.....# #... ####.#
#.# #.......# #.#
#.......# #@#
###... ...# #g#
.....####.#### #g#
.......g.....# #.#
.......#.#.gg###.#
......#...#†..##.#
.###.#.....#.....#
......_....###.#
.#.#.....#.# #.#


You could see 2 gnolls.

Vanquished Creatures
  A sky beast (D:3)
  Ijyb (D:3)
  A worm (D:2)
  A dart slug (D:2)
  6 ball pythons
  3 endoplasms (D:1)
  3 goblins
  4 hobgoblins
  2 jackals (D:1)
  5 kobolds
  A quokka (D:1)
  3 bats (D:1)
  4 frilled lizards
  5 rats
40 creatures vanquished.

Notes
Turn   | Place    | Note
-------+----------+-------------------------------------------
     0 | D:1      | Hubris850 the Kobold Hunter began the quest for the Orb.
     0 | D:1      | Reached XP level 1. HP: 12/12 MP: 1/1
    97 | D:1      | Reached XP level 2. HP: 17/17 MP: 2/2
   173 | D:1      | Found Casaonle's Assorted Antiques.
   253 | D:1      | Found a faded altar of an unknown god.
   355 | D:1      | Reached XP level 3. HP: 20/21 MP: 3/3
  1682 | D:1      | Bought a glowing sling for 76 gold pieces
  1905 | D:3      | Noticed Ijyb
  1909 | D:3      | Killed Ijyb
  1910 | D:3      | Reached skill level 6 in Ranged Weapons
  1910 | D:3      | Reached XP level 4. HP: 14/26 MP: 4/4
  2096 | D:3      | Found a stormy altar of Qazlal.
  2096 | D:3      | Noticed a sky beast
  2107 | D:3      | Killed a sky beast
  2108 | D:3      | Reached skill level 7 in Ranged Weapons
  2108 | D:3      | Reached XP level 5. HP: 24/30 MP: 5/5
  2197 | D:3      | Slain by a gnoll

Illustrated notes

Levels and vault maps discovered:
D:1:      saegor_arrival_simple_d, layout_basic, serial_shops,
          nicolae_shop_real_fake_doors, nicolae_ecumenical_snake_handling
D:2:      layout_basic, dk_vineyard_3
D:3:      layout_basic, nicolae_qazlal_beasts_of_the_sky,
          pf_guarded_unrand_meek, uniq_ijyb

Skill      XL: |  1  2  3  4 |
---------------+-------------+-----
Stealth        | 2 3 |  3.0
Dodging        | 3 |  3.5
Ranged Weapons | 6 7 |  7.7
Fighting       | |  2.1

Action                     |  1- 3 |  4- 6 || total
---------------------------+-------+-------++-------
  Melee: Dagger            |       |     2 ||     2
   Fire: Shortbow          |    71 |       ||    71
         Sling             |    14 |    16 ||    30
 Armour: Leather armour    |    19 |     7 ||    26
  Dodge: Dodged            |    33 |     6 ||    39

Table legend: (Time is in decaauts)
 A = Elapsed time spent in this place.
 B = Non-inter-level travel time spent in this place.
 C = Inter-level travel time spent in this place.
 D = Time resting spent in this place.
 E = Time spent auto-exploring this place.
 F = Levels seen in this place.
 G = Mean time per level.
                   A        B        C        D        E       F      G
               +--------+--------+--------+--------+--------+-----+--------+
         Total |   2210 |   2076 |    134 |     60 |   1762 |   3 |  736.7 |
       Dungeon |   2210 |   2076 |    134 |     60 |   1762 |   3 |  736.7 |
               +--------+--------+--------+--------+--------+-----+--------+

Top non-repeatable levels by time:
     D:2: 1027 daAuts
     D:1: 884 daAuts
     D:3: 298 daAuts
